 Dungeon Crawl Stone Soup version 0.32-a0-791-gfc315c9ecd (webtiles) character file.

Game seed: 15708288691737371380

178 smashvw the Poker (level 5, -3/47 HPs)
             Began as a Mountain Dwarf Fighter on Mar 20, 2024.
             Slain by Sigmund
             ... wielding a +0 scythe
              (8 damage)
             ... on level 2 of the Dungeon.
             The game lasted 00:03:42 (1262 turns).

smashvw the Poker (Mountain Dwarf Fighter)          Turns: 1262, Time: 00:03:42

Health: -3/47      AC:  6    Str: 20    XL:     5   Next: 32%
Magic:  5/5        EV:  8    Int:  9    God:
Gold:   79         SH:  4    Dex:  9    Spells: 4/4 levels left

rFire   . . .        a - +0 trident
rCold   . . .        c - +0 buckler
rNeg    . . .        b - +0 scale mail
rPois   .            (no helmet)
rElec   .            (no cloak)
rCorr   .            (no gloves)
SInv    .            (no boots)
Will    .....        (no amulet) Stlth
                     (no ring)
HPRegen 0.27/turn    (no ring)
MPRegen 0.09/turn

%: no passive effects
@: no status effects
A: runic magic, artefact enchanting
a: no special abilities


You were on level 2 of the Dungeon.
You visited 1 branch of the dungeon, and saw 4 of its levels.

You collected 79 gold pieces.

Inventory:

Hand Weapons
 a - a +0 trident (weapon)
Missiles
 i - a throwing net (quivered)
Armour
 b - a +0 scale mail (worn)
 c - a +0 buckler (worn)
Jewellery
 k - a ring of protection from fire
 l - an amulet of faith
Scrolls
 d - a scroll of blinking {unknown}
 e - a scroll of fog {unknown}
 f - 2 scrolls of identify {unknown}
 h - a scroll of noise {unknown}
 j - a scroll of vulnerability {unknown}
 n - a scroll of brand weapon {unknown}
Potions
 g - a potion of heal wounds {unknown}
 m - a potion of berserk rage {unknown}
 o - a potion of curing {unknown}


   Skills:
 + Level 4.6 Fighting
 * Level 4.7 Polearms
 - Level 3.2 Armour
 - Level 3.2 Shields


You had 4 spell levels left.
You didn't know any spells.
Your spell library contained the following spells:

 Spells                   Type           Power      Damage    Failure   Level
 Necrotise                Necr           0%         1d4       54%         1
 Blink                    Tloc           0%         N/A       69%         2
 Lesser Beckoning         Tloc           0%         N/A       69%         2
 Mercury Vapours          Alch/Air       0%         N/A       69%         2
 Momentum Strike          Conj/Tloc      0%         3d8       69%         2
 Inner Flame              Hex/Fire       0%         N/A       89%         3
 Vampiric Draining        Necr           0%         2d6       89%         3
 Volatile Blastmotes      Fire/Tloc      0%         2d10      89%         3
 Airstrike                Air            0%         2d(0-16)  100%        4
 Martyr's Knell           Necr/Summ      0%         N/A       100%        4
 Curse of Agony           Necr           0%         N/A       100%        5
 Irradiate                Conj/Alch      0%         3d11      100%        5
 Ignition                 Fire           0%         3d3       100%        8
 Maxwell's Capacitive Co  Air            0%         ∞         100%        8


Dungeon Overview and Level Annotations

Branches:
Dungeon (4/15)
 Temple: D:4-7

Altars:

Shops:
D:1 (   D:4 =(

Annotations:
D:2 Sigmund
D:4 Menkaure


Innate Abilities, Weirdness & Mutations

Your spellcasting is much less encumbered by armour.
You can use scrolls of enchantment on lesser artefacts.


Message History

The adder bites you. x2
You hit Sigmund but do no damage.
Sigmund is severely wounded.
Sigmund casts a spell.
Sigmund flickers and vanishes!
Deactivating autopickup; reactivate with Ctrl-A.
The adder bites you but does no damage.
You barely miss something. The adder closely misses you.
Something hits you but does no damage. The adder bites you but does no damage.
You closely miss something. The adder barely misses you. Something hits you.
You barely miss something. The adder bites you but does no damage.
You barely miss something. The adder completely misses you. Something hits you!
The adder barely misses you.
You barely miss something. The adder bites you. Something hits you.
You hit something. You block the adder's attack.
You hear some strange, mumbled words.
You are confused.
You bump into the rock wall.
The adder bites you but does no damage. The adder bites you.
You hear some strange, mumbled words.
Something tries to affect you, but you resist.
You miss something. The adder bites you but does no damage. Something hits you.
You barely miss something. The adder bites you but does no damage.
You bump into the rock wall.
The adder barely misses you. Something hits you!
* * * LOW HITPOINT WARNING * * *
The adder bites you but does no damage.
You bump into the rock wall.
You feel less confused. The adder barely misses you.
You hear some strange, mumbled words.
A puff of flame appears from out of thin air!
The puff of flame hits you.
* * * LOW HITPOINT WARNING * * *
You hit something. The adder bites you but does no damage.
You hear some strange, mumbled words.
A magic dart appears from out of thin air!
The magic dart hits you.
* * * LOW HITPOINT WARNING * * *
You hit something. The adder bites you but does no damage. Something hits you!
You die...

################
#...............
#.##############
###.#####.#.$...
......{@S[.......
###.#####.#.#####
#.#.# #.# # #.#
#.# ##### ## #.#
#... .. .# ####.#
..# #.##....#


You could see an adder.

Vanquished Creatures
  A phantom (D:4)
  A scorpion (D:4)
  An adder (D:3)
  An orc (D:4)
  4 endoplasms
  A goblin (D:2)
  7 hobgoblins
  4 jackals
  4 kobolds
  2 quokkas (D:1)
  6 ball pythons
  2 bats (D:2)
  3 rats (D:1)
37 creatures vanquished.

Notes
Turn   | Place    | Note
-------+----------+-------------------------------------------
     0 | D:1      | smashvw the Mountain Dwarf Fighter began the quest for the
                  | Orb.
     0 | D:1      | Reached XP level 1. HP: 19/19 MP: 1/1
    30 | D:1      | Found Ilarich's Weapon Emporium.
   157 | D:1      | Reached XP level 2. HP: 26/26 MP: 2/2
   850 | D:2      | You fall into a shaft and drop 2 floors!
   856 | D:4      | Found Kazeh's Antique Weapon Shoppe.
   866 | D:4      | Found Xosup's Jewellery Emporium.
   875 | D:4      | Reached XP level 3. HP: 33/33 MP: 3/3
   891 | D:4      | Got Qolor's Compendium of Disjunct Haze
   972 | D:4      | Noticed a scorpion
   981 | D:4      | Killed a scorpion
   982 | D:4      | Reached XP level 4. HP: 25/40 MP: 4/4
   982 | D:4      | Noticed a phantom
   993 | D:4      | Killed a phantom
   994 | D:4      | Reached XP level 5. HP: 19/47 MP: 5/5
  1112 | D:4      | Noticed Menkaure
  1242 | D:2      | Noticed Sigmund
  1262 | D:2      | Slain by Sigmund

Illustrated notes

Levels and vault maps discovered:
D:1:      dpeg_arrival_tiny_a, layout_loops_cross, serial_shops, shop,
          feat_on_display
D:2:      layout_basic, minmay_misc_feat_alley, uniq_sigmund
D:3:      layout_basic, uniq_ijyb
D:4:      layout_rooms, serial_shops, nicolae_diamond_shop, shop, shop,
          uniq_menkaure

Skill      XL: |  1  2  3  4 |
---------------+-------------+-----
Polearms       | 3 4 |  4.7
Fighting       | 4 |  4.6
Armour         | |  3.2
Shields        | |  3.2

Action                     |  1- 3 |  4- 6 || total
---------------------------+-------+-------++-------
  Melee: Trident           |    81 |    54 ||   135
    Use: Potion            |     1 |       ||     1
 Armour: Scale mail        |    40 |    71 ||   111
  Dodge: Dodged            |    33 |    23 ||    56
  Block: Buckler           |    13 |     8 ||    21

Table legend: (Time is in decaauts)
 A = Elapsed time spent in this place.
 B = Non-inter-level travel time spent in this place.
 C = Inter-level travel time spent in this place.
 D = Time resting spent in this place.
 E = Time spent auto-exploring this place.
 F = Levels seen in this place.
 G = Mean time per level.
                   A        B        C        D        E       F      G
               +--------+--------+--------+--------+--------+-----+--------+
         Total |   1282 |   1253 |     29 |      0 |    995 |   4 |  320.5 |
       Dungeon |   1282 |   1253 |     29 |      0 |    995 |   4 |  320.5 |
               +--------+--------+--------+--------+--------+-----+--------+

Top non-repeatable levels by time:
     D:1: 662 daAuts
     D:4: 278 daAuts
     D:2: 273 daAuts
     D:3: 68 daAuts
